 Dungeon Crawl Stone Soup version 0.28.0-43-g3370ac3207 (webtiles) character file.

Game seed: 1423320550412534385

406 styxcanada the Covert (level 6, -6/32 HPs)
             Began as a Spriggan Brigand on Mar 28, 2022.
             Mangled by crimpus's ghost (9 damage)
             ... on level 4 of the Dungeon on Mar 29, 2022.
             The game lasted 00:18:40 (5517 turns).

styxcanada the Covert (Spriggan Brigand)            Turns: 5517, Time: 00:18:40

Health: -6/32      AC:  3    Str:  7    XL:     6   Next: 56%
Magic:  10/10      EV: 18    Int: 12    God:
Gold:   182        SH:  0    Dex: 19    Spells: 7/9 levels left

rFire   . . .      SeeInvis +   a - +2 dagger
rCold   . . .      Faith    .   (no shield)
rNeg    . . .      Spirit   .   b - +0 robe
rPois   .          Reflect  .   (helmet restricted)
rElec   .          Harm     .   c - +0 cloak
rCorr   .          Rampage  .   (gloves unavailable)
Will    +....                   (boots unavailable)
Stlth   ++++......              (no amulet)
HPRegen 0.10/turn               (no ring)
MPRegen 0.12/turn               (no ring)

@: very quick
A: very small, no large weapons, unfitting armour, see invisible, speed 3
a: no special abilities


You were on level 4 of the Dungeon.
You visited 2 branches of the dungeon, and saw 5 of its levels.

You collected 204 gold pieces.
You spent 22 gold pieces at shops.

Inventory:

Hand Weapons
 a - a +2 dagger (weapon)
 o - a +0 hunting sling
 t - a +0 dagger of draining
Missiles
 d - 7 poisoned darts (quivered)
 e - a curare-tipped dart
 g - 13 sling bullets
 k - 121 stones
 p - 2 boomerangs
Armour
 b - a +0 robe (worn)
 c - a +0 cloak (worn)
 n - a +0 buckler
Jewellery
 f - an amulet of guardian spirit
 l - a ring of ice
Wands
 v - a wand of acid (2)
Scrolls
 h - a scroll of immolation
 i - a scroll of identify
 j - a scroll of enchant armour {unknown}
 m - 2 scrolls of noise {unknown}
 q - a scroll of amnesia {unknown}
 r - 2 scrolls of teleportation {unknown}
 s - a scroll of torment {unknown}
 u - a scroll of fear {unknown}
 w - a scroll of summoning {unknown}


   Skills:
 * Level 2.7 Fighting
 + Level 3.0 Short Blades
 + Level 2.5 Throwing
 * Level 3.3 Dodging
 * Level 8.8 Stealth
 * Level 1.2 Shields
 * Level 2.2 Spellcasting


You had 7 spell levels left.
You knew the following spells:

 Your Spells              Type           Power      Damage    Failure   Level
a - Poisonous Vapours     Pois/Air       2%         N/A       38%         2

Your spell library contained the following spells:

 Spells                   Type           Power      Damage    Failure   Level
 Corpse Rot               Necr/Air       2%         N/A       38%         2
 Call Canine Familiar     Summ           1%         N/A       63%         3
 Portal Projectile        Hex/Tloc       2%         N/A       63%         3
 Leda's Liquefaction      Hex/Erth       0%         N/A       95%         4


Dungeon Overview and Level Annotations

Branches:
Dungeon (4/15)             Temple (1/1) D:4

Altars:
Cheibriados
Fedhas
Okawaru
Ru
Sif Muna
Trog
Uskayaw
Vehumet
Wu Jian
Yredelemnul
Zin
The Shining One

Shops:
D:1 ?

Annotations:
D:4 crimpus's ghost, amateur MiFi


Innate Abilities, Weirdness & Mutations

You are very small and have problems with some larger weapons.
You are too small for most types of armour.
You have supernaturally acute eyesight. (SInv)
You cover ground extremely quickly. (Speed+++)


Message History

HP restored.
Found 11 gold pieces.
You now have 182 gold pieces (gained 11).
The endoplasm barely misses you.
You hit the endoplasm.
The endoplasm is lightly wounded.
You hit the endoplasm.
The endoplasm is heavily wounded.
The endoplasm freezes you.
You are frozen.
You hit the endoplasm.
The endoplasm is severely wounded.
The endoplasm freezes you.
You are frozen.
You hit the endoplasm.
You kill the endoplasm!
You start resting.
HP restored.
There is an open door here.
A goblin comes into view. It is wielding a +0 dagger.
The helpless goblin fails to defend itself.
You spit the goblin like a pig!!!
You kill the goblin!
You hit crimpus's ghost.
Crimpus's ghost is lightly damaged.
Crimpus's ghost hits you!
You hit crimpus's ghost.
Crimpus's ghost is lightly damaged.
Crimpus's ghost misses you.
You barely miss crimpus's ghost.
Crimpus's ghost is lightly damaged.
Crimpus's ghost barely misses you.
You hit crimpus's ghost.
Crimpus's ghost is moderately damaged.
Crimpus's ghost hits you!
* * * LOW HITPOINT WARNING * * *
You completely miss crimpus's ghost.
Crimpus's ghost is moderately damaged.
Crimpus's ghost hits you!
You die...

#...#######...##..
####...##...
#+######
###..........#
#...
#..#...##...#.+
#...
#...#..##..#...
#...
#....#....#....
#...
#..)..#..#....#
#### #..##W.##..
#.# #.. #.. #.@#
..# .# #..
#.....#..#... #..
#....#....#.. #..
#...# .##..# #..
#..# .# ...# ....
#.# .. ...# ..##
#. #.. .. # ..


You could see crimpus's ghost.

Vanquished Creatures
  A centaur zombie (D:4)
  A centaur skeleton (D:4)
  Ijyb (D:3)
  Natasha (thrice) (D:3)
  Terence (D:3)
  Robin (D:3)
  3 gnolls (D:3)
  8 adders
  3 worms
  7 orcs
  4 ball pythons
  6 endoplasms
  3 giant cockroaches
  13 goblins
  11 hobgoblins
  5 jackals
  3 quokkas
  5 bats
  A frilled lizard (D:3)
  8 kobolds
  3 rats
91 creatures vanquished.

Vanquished Creatures (others)
  5 toadstools (D:4)
5 creatures vanquished.

Grand Total: 96 creatures vanquished

Notes
Turn   | Place    | Note
-------+----------+-------------------------------------------
     0 | D:1      | styxcanada the Spriggan Brigand began the quest for the
                  | Orb.
     0 | D:1      | Reached XP level 1. HP: 10/10 MP: 2/2
    74 | D:1      | Found a faded altar of an unknown god.
   114 | D:1      | Reached skill level 6 in Stealth
   225 | D:1      | Reached XP level 2. HP: 15/15 MP: 3/3
   867 | D:1      | Found Arof's Magic Scroll Shoppe.
   876 | D:1      | Bought a scroll of identify for 22 gold pieces
  1080 | D:1      | Found a sacrificial altar of Ru.
  1309 | D:2      | Reached skill level 7 in Stealth
  1309 | D:2      | Reached XP level 3. HP: 10/18 MP: 4/4
  1640 | D:2      | Reached XP level 4. HP: 23/23 MP: 6/6
  1837 | D:2      | Reached skill level 1 in Spellcasting
  2621 | D:3      | Noticed Natasha
  2628 | D:3      | Killed Natasha
  2924 | D:3      | Noticed Natasha
  2958 | D:3      | Killed Natasha
  2959 | D:3      | Reached skill level 8 in Stealth
  2959 | D:3      | Reached XP level 5. HP: 15/26 MP: 7/7
  2985 | D:3      | Identified the +0 leather armour "Gojutte" {Int+2 Dex+5}
  3108 | D:3      | Noticed Natasha
  3125 | D:3      | Killed Natasha
  3207 | D:3      | Noticed Ijyb
  3214 | D:3      | Killed Ijyb
  3234 | D:3      | Learned a level 2 spell: Poisonous Vapours
  3241 | D:3      | Noticed Robin
  3309 | D:3      | Killed Robin
  3381 | D:3      | Reached skill level 1 in Shields
  3430 | D:3      | HP: 1/27 [poisoned by an adder]
  3790 | D:3      | Reached XP level 6. HP: 25/32 MP: 9/9
  4124 | D:3      | Found an iron altar of Okawaru.
  4233 | D:3      | Noticed Terence
  4274 | D:3      | Killed Terence
  4492 | D:4      | Found a staircase to the Ecumenical Temple.
  4502 | Temple   | Entered the Ecumenical Temple
  4723 | D:4      | Found a runed translucent gate.
  4723 | D:4      | Found a runed translucent gate.
  4723 | D:4      | Found a runed translucent gate.
  4725 | D:4      | Noticed crimpus's ghost (amateur MiFi)
  4910 | D:4      | HP: 1/32 [poisoned by an adder]
  5031 | D:4      | HP: 1/32 [iguana (11)]
  5047 | D:4      | Found a radiant altar of Vehumet.
  5517 | D:4      | Mangled by crimpus's ghost

Illustrated notes

Levels and vault maps discovered:
D:1:      dpeg_arrival_water_altar, layout_loops_corners, serial_shops, shop,
          hellmonk_ecumenical_altar_blasted, minmay_door_square
D:2:      layout_basic, hangedman_feature_mirror, kennysheep_nondescript
D:3:      minmay_inner_zag, layout_rooms, okawaru_altar_gauntlet_db,
          uniq_natasha, uniq_ijyb, uniq_robin, uniq_terence
D:4:      layout_gridville, overflow_temple_1_default, temple_pool_b,
          gammafunk_ghost_necromancy, minivault_26, minmay_statues_item,
          minmay_gold_behind_fungi, uniq_edmund
Temple:   jpeg_temple_island

Skill      XL: |  1  2  3  4  5  6 |
---------------+-------------------+-----
Stealth        | 6 7 8 |  8.8
Fighting       | 2 |  2.7
Dodging        | 2 3 |  3.3
Spellcasting   | 1 2 |  2.2
Shields        | 1 |  1.2
Short Blades   | 3 |  3.0
Throwing       | |  2.5

Action                   |  1- 3 |  4- 6 || total
-------------------------+-------+-------++-------
Melee: Dagger            |    88 |   215 ||   303
       Punch             |     1 |     5 ||     6
Throw: Dart              |     9 |    50 ||    59
       Stone             |       |     5 ||     5
  Use: Scroll            |     2 |       ||     2
       Potion            |       |     1 ||     1
 Stab: Sleeping          |     8 |    19 ||    27
       Distracted        |     1 |     1 ||     2
Armor: Robe              |    11 |    43 ||    54
Dodge: Dodged            |    62 |   187 ||   249
